 Dungeon Crawl Stone Soup version 0.20.0-10-g0535bb4 (webtiles) character file.

905 grindst0ne the Protected (level 8, -2/51 HPs)
             Began as a Gargoyle Fighter on June 4, 2017.
             Killed by divine providence
             ... invoked by an orc priest
              (9 damage)
             ... on level 4 of the Dungeon.
             The game lasted 00:10:32 (4268 turns).

grindst0ne the Protected (Gargoyle Fighter)         Turns: 4268, Time: 00:10:33

Health: -2/51      AC: 22    Str: 21    XL:     8   Next: 8%
Magic:  8/8        EV:  8    Int:  8    God:
Gold:   152        SH:  4    Dex: 11    Spells: 7/7 levels left

rFire    + . .     SeeInvis .   k - +0 mace (protect)
rCold    + . .     Gourm    .   h - +0 buckler
rNeg     + . .     Faith    .   w - +1 chain mail {rF+}
rPois    ∞         Spirit   .   (no helmet)
rElec    +         Reflect  .   o - +2 cloak
rCorr    .         Harm     .   u - +0 pair of gloves
MR       .....                  (no boots)
Stlth    ..........             (no amulet)
Regen    0.2/turn               i - ring of protection from cold
MPRegen  0.2/turn               (no ring)

@: no status effects
A: negative energy resistance 1, electricity resistance, unbreathing,
petrification resistance, rot immunity, AC +5
a: no special abilities


You were on level 4 of the Dungeon.
You were not hungry.

You visited 1 branch of the dungeon, and saw 4 of its levels.

You collected 152 gold pieces.

Inventory:

Hand Weapons
 a - a +1 flail
 k - a +0 mace of protection (weapon)
 q - a +0 flail of holy wrath
Armour
 b - a +0 scale mail
 c - a +0 shield
 h - a +0 buckler (worn)
 l - a +0 ring mail
 o - a +2 cloak (worn)
 t - a +0 chain mail
 u - a +0 pair of gloves (worn)
 w - a +1 chain mail of fire resistance (worn)
Jewellery
 i - a ring of protection from cold (left hand)
Wands
 j - a wand of polymorph (6/24)
 y - a wand of lightning (7/15)
 E - a wand of polymorph (11/24)
Scrolls
 d - a scroll of immolation {unknown}
 g - 3 scrolls of identify
 s - a scroll of blinking {unknown}
 v - a scroll of teleportation {unknown}
 x - 2 scrolls of enchant armour {unknown}
 D - a scroll of remove curse
Potions
 e - 2 potions of degeneration {unknown}
 m - 2 potions of curing {unknown}
 n - a potion of flight {unknown}
 r - a potion of resistance {unknown}
 A - a potion of heal wounds {unknown}
 B - a potion of berserk rage {unknown}
 C - a potion of magic {unknown}
Comestibles
 f - 5 bread rations
 p - a meat ration
 z - 6 chunks of flesh


   Skills:
 + Level 5.7 Fighting
 - Level 2.0 Maces & Flails
 - Level 9.2 Armour
 - Level 3.2 Shields


You had 7 spell levels left.
You didn't know any spells.

Dungeon Overview and Level Annotations

Branches:
Dungeon (4/15)
 Temple: D:4-7

Altars:
Cheibriados
Sif Muna
Trog
The Shining One


Innate Abilities, Weirdness & Mutations

You are resistant to torment.
Your stone body is resilient. (AC +5)
You are immune to poison.
You resist negative energy. (rN+)
You are resistant to electric shocks. (rElec)
You can survive without breathing.
You are immune to petrification.
You are immune to rotting.


Message History

You sock the orc wizard!
Your weapon exudes an aura of protection.
You kill the orc wizard!
You closely miss the orc.
The orc is lightly wounded.
You block the orc's attack.
You hit the orc.
The orc is severely wounded.
The orc hits you but does no damage.
You sock the orc!
You kill the orc!
The orc priest looks encouraged for a moment.
Items here: ))) [[ ÷ †† The orc priest mumbles some strange prayers to Beogh against you.
Beogh smites you!
* * * LOW HITPOINT WARNING * * *
You see here a short sword.
The orc priest calls down the wrath of Beogh upon you.
Beogh smites you!
You die...

#)#.# #.# #.# #.#.#
#.# #.# #)#.# #.#
#)# #)#.# #.# #o#
#.#.# #.# #.#
#####(#.###.########
#o#
....................
#.#
..###.#.###.########
#.# ..# #.#.#
#.....@.#########.#
..# #.#.#
#.#.###.o...o)o...#
..# #.#.#
#.#################
..#
#.#.###..........
..# #.#........#####
#.###.#........#
......#........#
#..##.#........#
##.##.#........#


You could see an orc priest and an orc.

Vanquished Creatures
  Edmund (D:4)
  Purgy (D:3)
  The ghost of Larmestyx the Caller, an amateur TeSu (D:3)
  4 orc priests
  2 hounds (D:4)
  Crazy Yiuf (D:2)
  Jessica (D:3)
  Ijyb (D:4)
  3 orc wizards (D:4)
  4 worker ants (D:4)
  Terence (D:2)
  5 adders
  2 oozes (D:3)
  A worm (D:3)
  6 dart slugs
  3 leopard geckos
  10 orcs
  A ball python (D:1)
  8 bats
  4 giant cockroaches
  9 goblins
  6 hobgoblins
  7 jackals
  A quokka (D:2)
  7 frilled lizards
  A jackal skeleton (D:4)
  7 kobolds
  A leopard gecko skeleton (D:4)
  13 rats
112 creatures vanquished.

Notes
Turn   | Place    | Note
-------+----------+-------------------------------------------
     0 | D:1      | grindst0ne the Gargoyle Fighter began the quest for the Orb.
     0 | D:1      | Reached XP level 1. HP: 14/14 MP: 1/1
   121 | D:1      | Reached XP level 2. HP: 20/20 MP: 2/2
   383 | D:1      | Reached XP level 3. HP: 24/24 MP: 3/3
  1074 | D:2      | Reached skill level 5 in Fighting
  1090 | D:2      | Found a runed door.
  1136 | D:2      | Reached XP level 4. HP: 29/31 MP: 4/4
  1169 | D:2      | Found a deep blue altar of Sif Muna.
  1187 | D:2      | Reached skill level 4 in Armour
  1522 | D:2      | Noticed Crazy Yiuf
  1530 | D:2      | Killed Crazy Yiuf
  1577 | D:3      | Noticed Larmestyx's ghost (amateur TeSu)
  1596 | D:3      | Killed Larmestyx's ghost
  1596 | D:3      | Reached skill level 5 in Armour
  1596 | D:3      | Reached XP level 5. HP: 17/35 MP: 5/5
  2005 | D:3      | Noticed Purgy
  2022 | D:3      | Killed Purgy
  2022 | D:3      | Reached skill level 6 in Armour
  2022 | D:3      | Reached XP level 6. HP: 22/40 MP: 6/6
  2192 | D:3      | Noticed Terence
  2246 | D:2      | Killed Terence
  2487 | D:3      | Noticed Jessica
  2491 | D:3      | Killed Jessica
  2491 | D:3      | Reached skill level 7 in Armour
  2659 | D:3      | Found a glowing golden altar of the Shining One.
  2988 | D:3      | Found a snail-covered altar of Cheibriados.
  3068 | D:4      | Noticed Edmund
  3128 | D:4      | Killed Edmund
  3128 | D:4      | Reached skill level 8 in Armour
  3128 | D:4      | Reached XP level 7. HP: 33/44 MP: 7/7
  3492 | D:4      | Noticed Ijyb
  3544 | D:4      | Killed Ijyb
  3595 | D:4      | Reached skill level 9 in Armour
  4018 | D:4      | Found a bloodstained altar of Trog.
  4197 | D:4      | Reached XP level 8. HP: 49/49 MP: 8/8
  4268 | D:4      | Killed from afar by an orc priest

Skill      XL: |  1  2  3  4  5  6  7 |
---------------+----------------------+-----
Fighting       | 4 5 |  5.7
Armour         | 5 6 8 9 |  9.2
Maces & Flails | |  2.0
Shields        | |  3.2

Action                   |  1- 3 |  4- 6 |  7- 9 || total
-------------------------+-------+-------+-------++-------
Melee: Flail             |   127 |    95 |       ||   222
       Mace              |       |   159 |   213 ||   372
  Use: Scroll            |     3 |       |       ||     3
       Potion            |       |     1 |       ||     1
  Eat: Chunk             |       |     8 |     4 ||    12
Armor: Scale mail        |    66 |   134 |       ||   200
       Chain mail        |       |   121 |   217 ||   338
Dodge: Dodged            |    55 |   168 |   102 ||   325
Block: Shield            |    16 |       |       ||    16
       Buckler           |    32 |    82 |    59 ||   173
